 Dungeon Crawl Stone Soup version 0.19-a0-1568-gdd01aac (webtiles) character file.

18 st0uf the Ruffian (level 2, -1/25 HPs)
             Began as a Naga Transmuter on Sept 15, 2016.
             Slain by a hobgoblin (2 damage)
             ... on level 1 of the Dungeon.
             The game lasted 00:01:58 (519 turns).

st0uf the Ruffian (Naga Transmuter)                  Turns: 519, Time: 00:01:59

Health: -1/25      AC:  1    Str: 12    XL:     2   Next: 66%
Magic:  2/5        EV: 10    Int: 13    God:
Gold:   25         SH:  0    Dex: 11    Spells: 1 memorised, 5 levels left

rFire  . . .     SeeInvis +       - Unarmed
rCold  . . .     Gourm    .     b - +0 robe
rNeg   . . .     Faith    .     (no shield)
rPois  +         Spirit   .     (no helmet)
rElec  .         Dismiss  .     (no cloak)
rCorr  .         Reflect  .     (no gloves)
MR     .....     Harm     .     (no barding)
Stlth  +.........               (no amulet)
                                (no ring)
                                (no ring)

@: appendage, very slightly contaminated, very slow
A: horns 2, see invisible, deformed body, poison resistance, slowness 2, slow
metabolism 1, spit poison 1, AC +0
a: Spit Poison, End Transformation


You were on level 1 of the Dungeon.
You were not hungry.
You had grown temporary horns.
You visited 1 branch of the dungeon, and saw 1 of its levels.

You collected 25 gold pieces.

Inventory:

Missiles
 a - 31 arrows
Armour
 b - a +0 robe (worn)
Scrolls
 f - a scroll of teleportation {unknown}
 g - a scroll of random uselessness {unknown}
Potions
 e - a potion of ambrosia {unknown}
 h - a potion of might {unknown}
Books
 c - a book of Changes

   Spells                             Type                      Level
   a - Beastly Appendage              Transmutation                1
   b - Sticks to Snakes               Transmutation                2
   c - Spider Form                    Transmutation/Poison         3
   d - Ice Form                       Ice/Transmutation            4
   e - Blade Hands                    Transmutation                5
Comestibles
 d - 2 bread rations


   Skills:
 - Level 1.0 Fighting
 - Level 1.5 Dodging
 - Level 3.0 Unarmed Combat
 + Level 2.5 Spellcasting
 * Level 2.6 Transmutations


You had 5 spell levels left.
You knew the following spells:

 Your Spells              Type           Power        Failure   Level  Hunger
a - Beastly Appendage     Tmut           #.....       10%         1    #......


Dungeon Overview and Level Annotations

Branches:
Dungeon (1/15)

Altars:


Innate Abilities, Weirdness & Mutations

You cannot wear boots.
Your serpentine skin is tough. (AC +0)
You have supernaturally acute eyesight. (SInv)
Armour fits poorly on your strangely shaped body.
Your system is resistant to poisons. (rPois)
You cover ground very slowly.
You have a slow metabolism.
You can spit poison.
You have a pair of horns on your head.


Message History

The hobgoblin hits you but does no damage.
You completely miss the hobgoblin.
The hobgoblin is severely wounded.
The hobgoblin hits you.
Casting: Beastly Appendage
Confirm with . or Enter, or press ? or * to list all spells.
You grow a pair of large bovine horns.
The hobgoblin hits you.
* * * LOW HITPOINT WARNING * * *
You closely miss the hobgoblin.
The hobgoblin is severely wounded.
The hobgoblin misses you.
You hit the hobgoblin but do no damage.
You headbutt the hobgoblin, but do no damage.
The hobgoblin is severely wounded.
The hobgoblin hits you.
* * * LOW HITPOINT WARNING * * *
You barely miss the hobgoblin. Your headbutt misses the hobgoblin.
The hobgoblin is heavily wounded.
The hobgoblin hits you.
You die...

........#...#.##############.#
...#.#####..#............#...##
#'##.# #..############.#.#..#
...#.# #..# #.#.#..# ...#.#
.... #.#.#.## ...#.# ...?
#.#.#.# .....# ..... #.#.#.#
...### ......#########.#.#.#
...# ......g@........#.#.# ####
#.......###########.#.# #......
#.#.# #######.?... #.#.#
.......... #.#.# ##≈≈≈≈≈≈≈###
#.#.# #≈≈≈≈≈≈≈≈≈≈# #.#.#
#≈≈≈≈.≈≈≈≈≈# #.#.# #≈≈≈.....≈≈#
#.#.#


You could see a hobgoblin.

Vanquished Creatures
  A leopard gecko (D:1)
  4 goblins (D:1)
  3 hobgoblins (D:1)
  A bat (D:1)
  A frilled lizard (D:1)
  2 kobolds (D:1)
  4 rats (D:1)
16 creatures vanquished.

Notes
Turn   | Place    | Note
-------+----------+-------------------------------------------
     0 | D:1      | st0uf the Naga Transmuter began the quest for the Orb.
     0 | D:1      | Reached XP level 1. HP: 18/18 MP: 3/3
   175 | D:1      | Reached XP level 2. HP: 20/25 MP: 3/5
   518 | D:1      | HP: 1/25 [hobgoblin (3)]
   519 | D:1      | Slain by a hobgoblin

Vault maps used:
D:1:      dpeg_arrival_pond

Action                   || total
-------------------------++-------
Melee: Unarmed           ||    69
       Headbutt          ||    11
 Cast: Beastly Appendage ||    12
Armor: Robe              ||    13
Dodge: Dodged            ||    43
